 Dungeon Crawl Stone Soup version 0.29.1-12-g30fa7ad0bf (webtiles) character file.

Game seed: 734897585676778841

12311 wormed the Severer (level 11, -3/92 HPs)
             Began as a Minotaur Berserker on Dec 24, 2022.
             Was a High Priest of Trog.
             Slain by a cane toad (5 damage)
             ... on level 2 of the Lair of Beasts.
             The game lasted 00:26:09 (14887 turns).

wormed the Severer (Minotaur Berserker)            Turns: 14887, Time: 00:26:09

Health: -3/92      AC: 19    Str: 24 (26) XL:     11   Next: 60%
Magic:  10/10      EV:  7    Int:  4      God:    Trog [*****.]
Gold:   552        SH:  0    Dex:  8 (10) Spells: 10/10 levels left

rFire   . . .      SeeInvis .   A - +0 war axe (elec)
rCold   . . .      Faith    .   y - +0 buckler
rNeg    . . .      Spirit   .   I - +0 plate armour
rPois   .          Reflect  .   (helmet restricted)
rElec   .          Harm     .   r - +0 cloak
rCorr   .          Rampage  .   (no gloves)
Will    .....                   L - +0 pair of boots
Stlth   ..........              (no amulet)
HPRegen 0.25/turn               (no ring)
MPRegen 0.12/turn               z - +4 ring of protection

@: confused, lethally poisoned (-3 -> -17), about to teleport, ambrosia-drunk,
hasted and slowed
A: horns 2, retaliatory headbutt
a: Renounce Religion, Berserk, Trog's Hand, Brothers in Arms


You were on level 2 of the Lair of Beasts.
You worshipped Trog.
Trog was extremely pleased with you.
You visited 2 branches of the dungeon, and saw 10 of its levels.

You collected 552 gold pieces.

Inventory:

Hand Weapons
 o - a -2 demon whip of venom
 A - a +0 war axe of electrocution (weapon)
Missiles
 E - 3 curare-tipped darts (quivered)
 F - 9 poisoned darts
 K - 3 javelins
Armour
 r - a +0 cloak (worn)
 y - a +0 buckler (worn)
 I - a +0 plate armour (worn)
 L - a +0 pair of boots (worn)
Jewellery
 m - a +6 ring of strength
 n - a ring of protection from cold
 s - a ring of protection from fire
 w - a +6 ring of intelligence
 z - a +4 ring of protection (right hand)
 N - a ring of ice
Wands
 h - a wand of roots (10)
Scrolls
 a - a scroll of magic mapping {unknown}
 b - a scroll of butterflies {unknown}
 e - 4 scrolls of amnesia
 f - 3 scrolls of fear {unknown}
 g - 3 scrolls of blinking {unknown}
 j - a scroll of vulnerability {unknown}
 k - a scroll of enchant weapon {unknown}
 t - 2 scrolls of identify
 v - 2 scrolls of teleportation
 x - a scroll of enchant armour {unknown}
 C - 3 scrolls of summoning {unknown}
 G - a scroll of immolation {unknown}
 H - a scroll of acquirement {unknown}
 J - a scroll of poison {unknown}
Potions
 c - 3 potions of lignification
 d - 4 potions of flight
 i - 3 potions of attraction
 l - 2 potions of mutation
 p - a potion of cancellation
 q - a potion of ambrosia
 M - a potion of brilliance
 O - 2 potions of degeneration


   Skills:
 + Level 7.3 Fighting
 - Level 18.0 Axes
 + Level 3.2 Throwing
 + Level 5.7 Armour
 + Level 5.6 Dodging
 + Level 5.6 Shields
 + Level 2.9 Evocations


You had 10 spell levels left.
You didn't know any spells.
Your spell library was empty.

Dungeon Overview and Level Annotations

Branches:
Dungeon (8/15)             Temple (0/1) D:4            Lair (2/5) D:8
 Spider (0/4) Lair:2
  Swamp: Lair:2-3    Shoals: Lair:2-3

Altars:
Ru
Sif Muna
Uskayaw
Vehumet
Xom

Annotations:
Lair:2 exclusion: oklob plant


Innate Abilities, Weirdness & Mutations

You have a pair of horns on your head.
You reflexively headbutt those who attack you in melee.


Message History

The cane toad attacks as you move away! The cane toad barely misses you.
The lindwurm pulls away from the web.
The yak is caught in a web!
The yak pulls away from the web.
The yak barely misses you.
The lindwurm is caught in a web!
The yak attacks as you move away! The yak gores you but does no damage.
The yak is caught in a web!
The cane toad stings you!
The lindwurm pulls away from the web.
The yak struggles to get unstuck from the web.
The cane toad stings you!
The yak pulls away from the web.
The yak gores you but does no damage. The cane toad attacks as you move away!
The cane toad stings you.
The yak evades a web.
The cane toad closely misses you. The yak gores you but does no damage.
The cane toad stings you!!
You feel yourself speed up. The cane toad stings you!
You block the yak's attack. The cane toad stings you!
* * * LOW HITPOINT WARNING * * *
The yak gores you.
* * * LOW HITPOINT WARNING * * *
The yak is caught in a web!
The yak struggles to get unstuck from the web.
The yak attacks as you move away! The yak gores you but does no damage.
The yak pulls away from the web.
The cane toad closely misses you. The yak attacks as you move away!
The yak barely misses you. The cane toad attacks as you move away!
The cane toad barely misses you. The cane toad stings you!
* * * LOW HITPOINT WARNING * * *
You are lethally poisoned!
The cane toad poisons you!
As you read the scroll labelled WUDIOWOVAG, it crumbles to dust.
You feel strangely unstable.
It was a scroll of teleportation.
* * * LOW HITPOINT WARNING * * *
You feel very sick. You block the cane toad's attack.
The yak closely misses you.
Okay, then.
You are confused.
You feel invigorated.
* * * LOW HITPOINT WARNING * * *
You feel very sick. The cane toad stings you.
You die...

....# #......## ..###
##......P# ...#
#.(.....## ## #P##
##.......# #.##.. ###
###......P##......
.###P#...............
.....................
.....................
..
..........@..........
...
.........YFk.........
...
.....................
...
.....................
...
.....................
...
.........Yw.........
#.
.............:.....
#...........>......
######.......##...


You could see a torpor snail, a lindwurm, 2 yaks and a cane toad.

Vanquished Creatures
  Fannar (Lair:1)
  Amaemon (Lair:2)
  A cyclops (D:8)
  6 elephants (Lair:1)
  A black mamba (Lair:1)
  3 cane toads
  An orange demon (Lair:2)
  A rime drake (Lair:2)
  6 komodo dragons
  2 steam dragons
  4 wyverns
  Grum (D:8)
  An acid dragon (D:8)
  2 water moccasins
  An orc warrior (D:8)
  An ice beast (D:7)
  A black bear (D:5)
  2 sky beasts
  2 centaurs
  11 wolves
  4 kobold brigands
  9 scorpions
  2 bullfrogs
  A gnoll sergeant (D:5)
  10 wights
  3 killer bees
  5 howler monkeys
  2 electric eels (Lair:1)
  5 orc priests
  Crazy Yiuf (D:4)
  4 hounds
  A jelly (D:7)
  Terence (D:2)
  Natasha (thrice) (D:2)
  6 orc wizards
  A mummy (D:7)
  7 gnolls
  4 adders
  3 white imps
  4 ufetubi
  A worm (D:5)
  37 orcs
  7 ball pythons
  6 endoplasms
  5 giant cockroaches
  6 goblins
  5 hobgoblins
  3 jackals (D:1)
  5 quokkas
  10 bats
  4 frilled lizards
  A hobgoblin zombie (D:7)
  23 kobolds
  3 orc zombies (D:7)
  6 rats
247 creatures vanquished.

Vanquished Creatures (others)
  An orc wizard (D:3)
  8 fungi
  4 plants
13 creatures vanquished.

Grand Total: 260 creatures vanquished

Notes
Turn   | Place    | Note
-------+----------+-------------------------------------------
     0 | D:1      | wormed the Minotaur Berserker began the quest for the Orb.
     0 | D:1      | Reached XP level 1. HP: 19/19 MP: 0/0
   206 | D:1      | Reached XP level 2. HP: 27/27 MP: 1/1
   207 | D:1      | Reached skill level 4 in Axes
   281 | D:1      | Reached skill level 1 in Shields
  1013 | D:2      | Noticed Natasha
  1015 | D:2      | Noticed Terence
  1068 | D:2      | Reached XP level 3. HP: 27/33 MP: 2/2
  1428 | D:2      | Killed Terence
  1516 | D:2      | Found a faded altar of an unknown god.
  1524 | D:2      | Reached ** piety under Trog
  1536 | D:2      | Killed Natasha
  1537 | D:2      | Reached XP level 4. HP: 40/40 MP: 3/3
  1802 | D:2      | Noticed Natasha
  1811 | D:2      | Killed Natasha
  1815 | D:2      | Noticed Natasha
  1826 | D:2      | Killed Natasha
  1827 | D:2      | Reached XP level 5. HP: 30/47 MP: 4/4
  1858 | D:2      | Reached skill level 5 in Axes
  2556 | D:3      | Found a shimmering blue altar of Sif Muna.
  2927 | D:3      | Found a sacrificial altar of Ru.
  3184 | D:3      | Reached XP level 6. HP: 43/53 MP: 5/5
  3289 | D:4      | Reached *** piety under Trog
  3449 | D:4      | Reached skill level 6 in Axes
  3662 | D:4      | Found a staircase to the Ecumenical Temple.
  3757 | D:4      | Found a runed translucent door.
  3758 | D:4      | Noticed Crazy Yiuf
  3865 | D:4      | Killed Crazy Yiuf
  3867 | D:4      | HP: 3/82 [poisoned by Crazy Yiuf]
  3868 | D:4      | HP: 1/55 [poisoned by Crazy Yiuf]
  4532 | D:5      | Entered Level 5 of the Dungeon
  4590 | D:4      | Reached skill level 5 in Fighting
  4967 | D:5      | Reached XP level 7. HP: 61/61 MP: 6/6
  5170 | D:5      | Reached skill level 7 in Axes
  5538 | D:5      | Reached skill level 8 in Axes
  5849 | D:5      | Reached XP level 8. HP: 70/70 MP: 7/7
  6163 | D:6      | Reached skill level 9 in Axes
  6266 | D:6      | Reached skill level 10 in Axes
  6531 | D:6      | Found a shimmering altar of Xom.
  6957 | D:6      | Reached **** piety under Trog
  6965 | D:6      | HP: 1/63 [wight/+2 scimitar (4)]
  7286 | D:6      | Reached skill level 11 in Axes
  7520 | D:7      | Found a radiant altar of Vehumet.
  7600 | D:7      | Reached XP level 9. HP: 75/75 MP: 8/8
  7602 | D:7      | Reached skill level 12 in Axes
  8476 | D:8      | Reached ***** piety under Trog
  8631 | D:8      | Reached skill level 13 in Axes
  9151 | D:8      | Noticed a komodo dragon
  9156 | D:8      | Killed a komodo dragon
  9157 | D:8      | Reached skill level 14 in Axes
  9223 | D:8      | Found a staircase to the Lair.
  9472 | D:8      | Found a hide-covered altar of Uskayaw.
  9839 | D:8      | Noticed a cyclops
  9846 | D:8      | Killed a cyclops
  9847 | D:8      | Reached skill level 15 in Axes
  9847 | D:8      | Reached XP level 10. HP: 67/83 MP: 9/9
 10255 | D:8      | Noticed Grum
 10278 | D:8      | Killed Grum
 10279 | D:8      | Reached skill level 16 in Axes
 11096 | Lair:1   | Entered Level 1 of the Lair of Beasts
 11405 | Lair:1   | Found a gate leading to a gauntlet.
 11407 | Lair:1   | Noticed Fannar
 11444 | Lair:1   | Killed Fannar
 11445 | Lair:1   | Reached skill level 17 in Axes
 11779 | Lair:1   | Noticed a black mamba
 11787 | Lair:1   | Killed a black mamba
 11911 | Lair:1   | Noticed a cane toad
 11918 | Lair:1   | Killed a cane toad
 11919 | Lair:1   | Reached skill level 18 in Axes
 11920 | Lair:1   | Noticed an elephant
 11920 | Lair:1   | Noticed an elephant
 11920 | Lair:1   | Noticed an elephant
 11921 | Lair:1   | Noticed an elephant
 11981 | Lair:1   | Noticed an elephant
 11982 | Lair:1   | Killed an elephant
 11985 | Lair:1   | Killed an elephant
 11986 | Lair:1   | Reached skill level 1 in Throwing
 11986 | Lair:1   | Reached skill level 1 in Evocations
 11986 | Lair:1   | Reached XP level 11. HP: 42/89 MP: 10/10
 13192 | Lair:1   | Reached skill level 5 in Armour
 13646 | Lair:2   | Reached skill level 5 in Shields
 13814 | Lair:2   | Noticed an oklob plant
 13826 | Lair:2   | Reached skill level 5 in Dodging
 14488 | Lair:2   | Noticed Amaemon
 14503 | Lair:2   | Killed Amaemon
 14853 | Lair:2   | Found a hole to the Spider Nest.
 14864 | Lair:2   | Noticed a lindwurm
 14886 | Lair:2   | HP: 3/92 [poisoned by a cane toad]
 14887 | Lair:2   | Slain by a cane toad

Illustrated notes

Levels and vault maps discovered:
D:1:      minmay_arrival_loop, layout_basic
D:2:      layout_rooms, chequers_ecumenical_altar_island,
          ebering_dispersal_statue_hall, uniq_natasha, uniq_terence
D:3:      layout_basic, mainiacjoe_overflow_chevrons, led_sif_book
D:4:      layout_basic, minmay_temple_entry_poolview, minmay_crystal_water,
          uniq_crazy_yiuf_cottage
D:5:      layout_basic, cheibrodos_sewer_entry_sluice
D:6:      layout_layer_cave, mainiacjoe_overflow_concentric_impassable,
          serial_park_tiny_1, chequers_garden
D:7:      layout_basic, vehumet_crystals, minmay_mini_ossuary
D:8:      layout_basic, nicolae_uskayaw_dance_studio, erik_lair_dragon,
          minmay_diced_spiral, uniq_grum
Lair:1:   layout_loops_ring, gauntlet_entry_generic,
          nicolae_quartered_pool_little, uniq_fannar
Lair:2:   layout_hall_layers, spider_nest_entry_web_field, uniq_gastronok,
          uniq_urug, uniq_amaemon

Skill      XL: |  1  2  3  4  5  6  7  8  9 10 11 |
---------------+----------------------------------+-----
Axes           | 4 5 6 8 11 15 18 | 18.0
Shields        | 1 2 3 4 5 |  5.6
Fighting       | 4 5 6 7 |  7.3
Armour         | 3 4 5 |  5.7
Dodging        | 3 4 5 |  5.6
Throwing       | 1 3 |  3.2
Evocations     | 1 2 |  2.9

Action                   |  1- 3 |  4- 6 |  7- 9 | 10-12 || total
-------------------------+-------+-------+-------+-------++-------
Melee: Hand axe          |    74 |   107 |       |       ||   181
       Headbutt          |     9 |    20 |    40 |    35 ||   104
       War axe           |       |    32 |   240 |   225 ||   497
Throw: Dart              |       |     2 |     5 |    21 ||    28
       Javelin           |       |       |       |     5 ||     5
Invok: Berserk           |     1 |     1 |       |     2 ||     4
       Trog's Hand       |       |       |     1 |     3 ||     4
Evoke: Wand              |       |     1 |       |       ||     1
  Use: Scroll            |       |     6 |     3 |     1 ||    10
       Potion            |       |     1 |     2 |    10 ||    13
 Stab: Distracted        |       |       |     1 |       ||     1
Armor: Animal skin       |    10 |       |       |       ||    10
       Scale mail        |     6 |    60 |    48 |       ||   114
       Leather armour    |     3 |       |       |       ||     3
       Chain mail        |       |       |    55 |       ||    55
       Plate armour      |       |       |    18 |   152 ||   170
Dodge: Dodged            |    51 |    87 |    97 |    96 ||   331
Block: Buckler           |       |       |    36 |    39 ||    75
